 Dungeon Crawl Stone Soup version 0.29.1-15-g9cfb28693d (webtiles) character file.

Game seed: 1010892097247215434

13 Curundu the Slasher (level 2, 27/27 HPs)
             Began as a Minotaur Berserker on Feb 14, 2024.
             Was a Follower of Trog.
             Got out of the dungeon alive.
             The game lasted 00:02:07 (565 turns).

Curundu the Slasher (Minotaur Berserker)             Turns: 565, Time: 00:02:07

Health: 27/27      AC:  2    Str: 21    XL:     2   Next: 24%
Magic:  1/1        EV: 12    Int:  4    God:    Trog [*.....]
Gold:   18         SH:  0    Dex:  9    Spells: 1/1 levels left

rFire   . . .      SeeInvis .   a - +0 falchion
rCold   . . .      Faith    .   (no shield)
rNeg    . . .      Spirit   .   b - +0 animal skin
rPois   .          Reflect  .   (helmet restricted)
rElec   .          Harm     .   (no cloak)
rCorr   .          Rampage  .   (no gloves)
Will    .....                   (no boots)
Stlth   +.........              (no amulet)
HPRegen 0.09/turn               (no ring)
MPRegen 0.07/turn               (no ring)

@: no status effects
A: horns 2, retaliatory headbutt
a: Renounce Religion, Berserk


You escaped.
You worshipped Trog.
Trog was aware of your devotion.
You visited 1 branch of the dungeon, and saw 1 of its levels.

You collected 18 gold pieces.

Inventory:

Hand Weapons
 a - a +0 falchion (weapon)
Armour
 b - a +0 animal skin (worn)
 e - a +0 ring mail
Scrolls
 d - 3 scrolls of vulnerability {unknown}
Potions
 c - a potion of mutation {unknown}


   Skills:
 + Level 4.0 Fighting
 + Level 4.0 Long Blades
 + Level 2.5 Armour
 + Level 2.3 Dodging


You had one spell level left.
You didn't know any spells.
Your spell library was empty.

Dungeon Overview and Level Annotations

Branches:
Dungeon (1/15)

Altars:


Innate Abilities, Weirdness & Mutations

You have a pair of horns on your head.
You reflexively headbutt those who attack you in melee.


Message History

The quokka bites you. The quokka barely misses you.
You closely miss the quokka. You headbutt the quokka.
You kill the quokka!
Trog accepts your kill.
Your Fighting skill increases to level 4!
c - a metallic orange potion
Found a ring mail.
d - 3 scrolls labelled JOFIDI TAQAUSIT You see here a +0 ring mail.
e - a +0 ring mail Unknown command.
Unknown command.
Unknown command.
Unknown command.
Unknown command.
You are a level 2 Minotaur Berserker.
You are 24% of the way to level 3.
Play time: 00:01:02 (522 turns).
Zot will find you in 5475 turns if you stay in this branch and explore no new floors.
Unknown command.
Unknown command.
Unknown command.
You are a level 2 Minotaur Berserker.
You are 24% of the way to level 3.
Play time: 00:01:11 (522 turns).
Zot will find you in 5475 turns if you stay in this branch and explore no new floors.
Unknown command.
Okay, then.
Unknown command.
Unknown command.
Okay, then.
Unknown command.
Unknown command.
Unknown command.
Found 14 gold pieces.
Found a gold piece.
There is a staircase leading out of the dungeon here.
You can't go down here!
Are you sure you want to leave the Dungeon?
This will make you lose the game!
Uppercase [Y]es or [N]o only, please.
Are you sure you want to leave the Dungeon?
This will make you lose the game!
You have escaped!

♣.......♣........♣
♣.......♣........P
♣..♣.♣....#.....#P
♣...⌠.....###.#..♣
♣..♣.♣........###.
♣......♣.##### ##
♣#......♣.##
♣......♣♣..# ###
♣@.♣..♣♣.#...$....
.
#♣♣#♣♣♣#.#########
$.#.##.....##.###
...........##...#
#
..####.....##.♣.♣
##### #........#.#
#.... #......♣.♣.♣
#..†.
######.....###....
##♣#♣.♣#..##.


There were no monsters in sight!

Vanquished Creatures
  A dart slug (D:1)
  An endoplasm (D:1)
  3 quokkas (D:1)
  2 bats (D:1)
  A frilled lizard (D:1)
  2 kobolds (D:1)
10 creatures vanquished.

Vanquished Creatures (others)
  9 plants (D:1)
9 creatures vanquished.

Grand Total: 19 creatures vanquished

Notes
Turn   | Place    | Note
-------+----------+-------------------------------------------
     0 | D:1      | Curundu the Minotaur Berserker began the quest for the Orb.
     0 | D:1      | Reached XP level 1. HP: 19/19 MP: 0/0
   336 | D:1      | Reached XP level 2. HP: 23/27 MP: 1/1
   565 | D:$      | Got out of the dungeon alive.

Illustrated notes

Levels and vault maps discovered:
D:1:      amcnicky_arrival_underground_garden, layout_rooms,
          shapermc_ecumenical_altar_flowoftime, serial_forest,
          infiniplex_forest_lined_room_, infiniplex_forest_lined_3_way,
          infiniplex_forest_clump_double, infiniplex_forest_clump_double,
          infiniplex_forest_end_1, infiniplex_forest_straight_4,
          infiniplex_forest_clump_curved, infiniplex_forest_corner_2,
          infiniplex_forest_clump_double, infiniplex_forest_lined_3

Skill      XL: |  1  2 |
---------------+-------+-----
Long Blades    | 4 |  4.0
Fighting       | 4 |  4.0
Armour         | |  2.5
Dodging        | |  2.3

Action                   || total
-------------------------++-------
Melee: Falchion          ||    20
       Headbutt          ||     4
Armor: Animal skin       ||     6
Dodge: Dodged            ||    24
